 Dungeon Crawl Stone Soup version 0.31.0-2-g5a2aebc5c2 (webtiles) character file.

Game seed: 13602761204276724879

4425 gelatine the Magician (level 10, -10/71 HPs)
             Began as a Demonspawn Fire Elementalist on Jan 20, 2024.
             Killed by divine providence
             ... invoked by an orc priest
              (16 damage)
             ... on level 8 of the Dungeon.
             The game lasted 00:24:58 (9138 turns).

gelatine the Magician (DsFE)                        Turns: 9138, Time: 00:24:59

Health: -10/71     AC:  9    Str:  9    XL:     10   Next: 14%
Magic:  12/20      EV: 12    Int: 19    God:
Gold:   247        SH:  9    Dex: 14    Spells: 10/23 levels left

rFire   + . .        E - +2 rapier (vamp)
rCold   + . .        (no shield)
rNeg    . . .        F - +3 leather armour {Will+}
rPois   .            s - +0 helmet
rElec   .            u - scarf {rC+ rF+}
rCorr   .            (no gloves)
SInv    .            (no boots)
Will    +....        l - amulet of reflection
Stlth   ++           a - ring of wizardry
HPRegen 0.31/turn    (no ring)
MPRegen 0.17/turn

%: reflection, wizardry (x1)
@: mighty
A: hooves 1, yellow scales 1, powered by pain 1, condensation shield
a: no special abilities


You were on level 8 of the Dungeon.
You visited 1 branch of the dungeon, and saw 8 of its levels.

You collected 361 gold pieces.
You spent 114 gold pieces at shops.

Inventory:

Hand Weapons
 r - a +2 dagger of venom
 t - a +0 hand axe of electrocution
 E - a +2 vampiric rapier (weapon)
Armour
 b - the +1 robe of the Guardian {Fly Str+2}
   (You took it off an orc on level 5 of the Dungeon)

   Str+2:     It affects your strength (+2).
   Fly:       It grants you flight.
 n - +0 acid dragon scales
 s - a +0 helmet (worn)
 u - a scarf of resistance (worn)
 w - the +1 robe of the End {rN+ Dex+4}
   (You bought it in a shop on level 3 of the Dungeon)

   Dex+4:     It affects your dexterity (+4).
   rN+:       It protects you from negative energy.
 y - a +2 robe of willpower
 F - a +3 leather armour of willpower (worn)
 G - a +0 robe of fire resistance
 H - a +0 cloak
Jewellery
 a - a ring of wizardry (left hand)
 l - an amulet of reflection (around neck)
Wands
 q - a wand of flame (23)
Scrolls
 c - 2 scrolls of teleportation {unknown}
 e - a scroll of fear {unknown}
 i - 4 scrolls of identify {unknown}
 j - 2 scrolls of torment {unknown}
 m - 2 scrolls of enchant armour {unknown}
 o - a scroll of blinking {unknown}
 p - 2 scrolls of poison {unknown}
 v - 2 scrolls of vulnerability {unknown}
 x - 2 scrolls of revelation {unknown}
 C - a scroll of immolation {unknown}
Potions
 d - 2 potions of might {unknown}
 f - 3 potions of enlightenment {unknown}
 g - a potion of brilliance {unknown}
 h - 2 potions of invisibility {unknown}
 k - 4 potions of curing {unknown}
 z - 3 potions of haste {unknown}
 A - a potion of lignification {unknown}
 B - 2 potions of heal wounds {unknown}
 D - a potion of resistance {unknown}


   Skills:
 * Level 3.7 Fighting
 * Level 2.6 Short Blades
 * Level 2.4 Armour
 * Level 3.9 Dodging
 + Level 2.5 Stealth
 * Level 2.5 Shields
 * Level 7.3 Spellcasting
 * Level 4.4 Conjurations
 * Level 2.1 Hexes
 * Level 2.5 Translocations
 * Level 7.1 Fire Magic
 + Level 2.8 Evocations


You had 10 spell levels left.
You knew the following spells:

 Your Spells              Type           Power      Damage    Failure   Level
a - Foxfire               Conj/Fire      100%       2x1d9     1%          1
b - Scorch                Fire           68%        2d7       1%          2
c - Inner Flame           Hex/Fire       24%        N/A       2%          3
d - Volatile Blastmotes   Fire/Tloc      50%        2d14      2%          3
e - Flame Wave            Conj/Fire      28%        2d9       4%          4

Your spell library contained the following spells:

 Spells                   Type           Power      Damage    Failure   Level
 Momentum Strike          Conj/Tloc      40%        3d9       1%          2
 Kiss of Death            Conj/Necr      60%        2d10      2%          1
 Blink                    Tloc           32%        N/A       2%          2
 Lesser Beckoning         Tloc           32%        N/A       2%          2
 Freeze                   Ice            24%        1d4       6%          1
 Hailstorm                Conj/Ice       15%        3d6       6%          3
 Frozen Ramparts          Ice            12%        1d2       16%         3
 Eringya's Noxious Bog    Alch           3%         4d6       100%        6
 Fire Storm               Conj/Fire      14%        8d4       100%        9


Dungeon Overview and Level Annotations

Branches:
Dungeon (8/15)             Temple (0/1) D:4
   Lair: D:8-11

Altars:
Ru
Xom

Shops:
D:1 :   D:2 (   D:3 [

Annotations:
D:8 Amaemon


Innate Abilities, Weirdness & Mutations

You have large cloven feet.
You are partially covered in yellow scales. (AC +2)
You sometimes gain a little power by taking damage.
A meltable shield of frost defends you. (SH +4)


Message History

The wolf misses you. The wolf bites you.
The orc priest invokes the aid of Beogh against you.
Beogh smites you!
You focus on the pain.
You feel very mighty all of a sudden.
The orc priest calls upon Beogh to heal the orc priest.
The orc priest is healed somewhat.
You block the wolf's attack.
The orc priest attacks as it pursues you!
The orc priest hits you but does no damage.
The wolf barely misses you. The wolf closely misses you.
The orc priest calls down the wrath of Beogh upon you.
Beogh smites you!
* * * LOW HITPOINT WARNING * * *
There is an open door here.
Casting: Foxfire (safe; 1% risk of failure)
Confirm with . or Enter, or press ? or * to list all spells.
Casting: Flame Wave (dangerous; 4% risk of failure)
Press: ? - help, Dir - look around, f - activate A wave of flame ripples out!
The flame wave engulfs the wolf.
The wolf is lightly wounded.
The flame wave engulfs the wolf!
You kill the wolf!
The flame wave engulfs the orc priest!
You kill the orc priest! (Press . to intensify the flame waves.)
The wolf barely misses you.
The orc priest mumbles some strange prayers to Beogh against you.
Beogh smites you!
* * * LOW HITPOINT WARNING * * *
You block the wolf's attack.
A wave of flame ripples out!
The flame wave engulfs the wolf!
The wolf is heavily wounded.
The flame wave engulfs the orc!
You kill the orc!
The flame wave engulfs the orc priest.
The orc priest is moderately wounded.
The wolf bites you but does no damage.
The orc priest mumbles some strange prayers to Beogh against you.
Beogh smites you!
You die...

#................##......)...#
...#....#...###...##....#######
####..[..###.#.####.##
###.....#........#
#.........###### #...#.....#
#...##..### . #..[##>.#
..######@#### .......h)o..##
......h.o....# .............#
###.........# #..o......#
#.........# .............#
.....####....#


You could see a warg, a wolf, 2 orc priests and an orc.

Vanquished Creatures
  Pikel (D:6)
  Maggie (D:7)
  Grinder (D:4)
  Sigmund (D:4)
  Eustachio (D:4)
  Menkaure (D:4)
  Duvessa (D:5)
  2 water moccasins
  2 black bears
  2 sky beasts
  A wolf (D:8)
  An ogre (D:6)
  A centaur (D:7)
  2 phantoms
  A bullfrog (D:7)
  2 gnoll sergeants
  3 scorpions
  A water moccasin zombie (D:7)
  10 wights (D:7)
  Dowan (D:5)
  A howler monkey (D:6)
  2 centaur zombies (D:7)
  4 hounds
  A bombardier beetle (D:5)
  2 jellies
  A gnoll bouda (D:7)
  4 orc priests
  Crazy Yiuf (D:7)
  2 sleepcaps
  4 orc wizards
  2 iguanas
  A killer bee zombie (D:7)
  Robin (D:3)
  14 gnolls
  5 adders
  A white imp (D:6)
  6 ufetubi (D:6)
  3 dart slugs
  14 orcs
  3 ball pythons
  A bat (D:3)
  4 endoplasms
  4 giant cockroaches
  11 goblins
  10 hobgoblins
  5 kobolds
  5 quokkas
  4 frilled lizards
  2 rats (D:2)
154 creatures vanquished.

Vanquished Creatures (others)
  503 foxfires
503 creatures vanquished.

Grand Total: 657 creatures vanquished

Notes
Turn   | Place    | Note
-------+----------+-------------------------------------------
     0 | D:1      | gelatine the Demonspawn Fire Elementalist began the quest
                  | for the Orb.
     0 | D:1      | Reached XP level 1. HP: 13/13 MP: 3/3
   129 | D:1      | Found Qoppeali's Book Shoppe.
   314 | D:1      | Gained mutation: You sometimes gain a little power by
                  | taking damage. [demonic ancestry]
   314 | D:1      | Reached XP level 2. HP: 19/19 MP: 0/5
   954 | D:2      | Found Xefoshrei's Antique Weapon Boutique.
  1026 | D:2      | Reached XP level 3. HP: 24/24 MP: 2/6
  1610 | D:2      | Learned a level 2 spell: Scorch
  2402 | D:3      | Found Riadwatz's Antique Armour Boutique.
  2412 | D:3      | Noticed Robin
  2640 | D:3      | Reached XP level 4. HP: 27/30 MP: 4/8
  2655 | D:3      | Killed Robin
  2811 | D:3      | HP: 1/30 [orc priest/nerve-wracking pain (13)]
  2813 | D:3      | Reached XP level 5. HP: 1/35 MP: 7/10
  3245 | D:3      | Found a shimmering altar of Xom.
  3263 | D:3      | Found a shimmering altar of Xom.
  3263 | D:3      | Found a shimmering altar of Xom.
  3263 | D:3      | Found a shimmering altar of Xom.
  3267 | D:3      | Found a shimmering altar of Xom.
  3267 | D:3      | Found a shimmering altar of Xom.
  3272 | D:3      | Found a shimmering altar of Xom.
  3432 | D:3      | Bought a smoking robe for 114 gold pieces
  3432 | D:3      | Identified the +1 robe of the End {rN+ Dex+4} (You bought
                  | it in a shop on level 3 of the Dungeon)
  3669 | D:4      | Noticed Sigmund
  3680 | D:4      | Killed Sigmund
  3681 | D:4      | Gained mutation: A meltable shield of frost defends you.
                  | (SH +4) [demonic ancestry]
  3681 | D:4      | Reached XP level 6. HP: 38/42 MP: 0/12
  3780 | D:4      | Found a staircase to the Ecumenical Temple.
  3781 | D:4      | You fall into a shaft and drop 1 floor!
  3781 | D:5      | Entered Level 5 of the Dungeon
  3800 | D:5      | Reached skill level 1 in Fighting
  3820 | D:5      | Reached skill level 1 in Evocations
  3825 | D:5      | Reached XP level 7. HP: 30/48 MP: 1/13
  4016 | D:5      | Identified the +1 robe of the Guardian {Fly Str+2}
  4135 | D:5      | Reached skill level 5 in Spellcasting
  4169 | D:5      | Noticed Duvessa
  4173 | D:5      | Noticed Dowan
  4181 | D:5      | Killed Dowan
  4182 | D:5      | Reached skill level 5 in Fire Magic
  4184 | D:5      | Killed Duvessa
  4341 | D:5      | Reached XP level 8. HP: 55/56 MP: 3/15
  4355 | D:4      | Noticed Grinder
  4374 | D:4      | Killed Grinder
  4702 | D:4      | Found a sacrificial altar of Ru.
  4807 | D:4      | Noticed Menkaure
  4812 | D:4      | Killed Menkaure
  4925 | D:4      | Noticed Eustachio
  4938 | D:4      | Killed Eustachio
  5001 | D:4      | Learned a level 3 spell: Inner Flame
  5005 | D:4      | Learned a level 3 spell: Volatile Blastmotes
  5010 | D:4      | Learned a level 4 spell: Flame Wave
  5274 | D:5      | Reached skill level 1 in Short Blades
  6376 | D:6      | Reached skill level 1 in Shields
  6609 | D:7      | Noticed Maggie
  6622 | D:7      | Killed Maggie
  6623 | D:7      | Reached skill level 1 in Armour
  6623 | D:7      | Reached skill level 1 in Hexes
  6623 | D:7      | Gained mutation: You are partially covered in yellow
                  | scales. (AC +2) [demonic ancestry]
  6623 | D:7      | Reached XP level 9. HP: 27/63 MP: 10/18
  6766 | D:7      | Reached skill level 1 in Translocations
  7316 | D:7      | Got the Folio of Violent Chrysopoeia
  7753 | D:7      | Noticed Pikel
  7902 | D:6      | Killed Pikel
  8224 | D:7      | Gained mutation: You have large cloven feet. [demonic
                  | ancestry]
  8224 | D:7      | Reached XP level 10. HP: 71/71 MP: 2/20
  8582 | D:7      | Found a runed translucent door.
  8583 | D:7      | Noticed Crazy Yiuf
  8591 | D:7      | Killed Crazy Yiuf
  8939 | D:8      | Noticed an orange demon
  8941 | D:8      | Noticed Amaemon
  9138 | D:8      | Killed from afar by an orc priest

Illustrated notes

Levels and vault maps discovered:
D:1:      saegor_arrival_simple_c, layout_basic, serial_shops,
          nicolae_shop_advertising_works [nicolae_subvault_shop_adworks]
D:2:      layout_loops_corners, serial_shops, shop,
          chequers_serial_rivers_micro_a
D:3:      layout_rooms, nicolae_xom_altar_mimics, serial_shops, shop,
          serial_co_window_serial, co_window_paths_a, co_window_paths_a,
          co_window_paths_a, co_window_paths_a, co_window_paths_a,
          co_window_paths_a, co_window_unsneaky_path_e, co_window_broadway_a,
          co_window_corner_b, co_window_paths_e, co_window_paths_d,
          glass_columns_c, glass_columns_c, glass_columns_c, uniq_robin
D:4:      layout_loops_ring, mainiacjoe_overflow_catwalk,
          nicolae_ru_awakened_eye, temple_statues, uniq_sigmund, uniq_eustachio,
          uniq_menkaure, uniq_grinder
D:5:      layout_rooms, uniq_duvessa
D:6:      layout_loops_ring
D:7:      layout_layer_cave, serial_undead, serial_undead_f, serial_undead_b,
          serial_undead_d, serial_undead_b, uniq_crazy_yiuf_cottage,
          uniq_maggie, uniq_pikel
D:8:      layout_basic, erik_lair_orcish_takeover, uniq_psyche, uniq_amaemon

Skill      XL: |  1  2  3  4  5  6  7  8  9 10 |
---------------+-------------------------------+-----
Fire Magic     | 3 4 5 6 7 |  7.1
Spellcasting   | 3 4 5 6 7 |  7.3
Stealth        | 2 |  2.5
Conjurations   | 2 3 4 |  4.4
Dodging        | 2 3 |  3.9
Fighting       | 1 2 3 |  3.7
Evocations     | 1 2 |  2.8
Short Blades   | 1 2 |  2.6
Shields        | 1 2 |  2.5
Armour         | 1 2 |  2.4
Hexes          | 1 2 |  2.1
Translocations | 1 2 |  2.5

Action                     |  1- 3 |  4- 6 |  7- 9 | 10-12 || total
---------------------------+-------+-------+-------+-------++-------
  Melee: Dagger            |     5 |    24 |    24 |       ||    53
         Rapier            |       |       |    57 |     2 ||    59
         Punch             |       |       |     1 |       ||     1
   Cast: Foxfire           |    75 |    43 |   156 |    36 ||   310
         Scorch            |    11 |    14 |    88 |    10 ||   123
         Volatile Blastmot |       |       |     7 |     1 ||     8
         Inner Flame       |       |       |     5 |       ||     5
         Flame Wave        |       |       |     5 |     1 ||     6
    Use: Potion            |       |     1 |     1 |       ||     2
   Stab: Sleeping          |       |     1 |     1 |       ||     2
 Armour: Robe              |    15 |    15 |    11 |       ||    41
         Leather armour    |       |       |    72 |     8 ||    80
  Dodge: Dodged            |     8 |    14 |    71 |     8 ||   101
  Block: Other             |     1 |     5 |    58 |     6 ||    70
         Reflection        |       |       |     1 |       ||     1
